 Dungeon Crawl Stone Soup version 0.21.1-1-g345015f (webtiles) character file.

34218 prawnwizard the Transmogrifier (level 13, 0/90 HPs)
             Began as an Octopode Transmuter on July 3, 2018.
             Was a High Priest of Fedhas.
             Slain by a porcupine (16 damage)
             ... on level 5 of the Lair of Beasts.
             The game lasted 02:17:32 (24620 turns).

prawnwizard the Transmogrifier (OpTm)              Turns: 24620, Time: 02:17:33

Health: 0/90       AC:  3    Str:  7    XL:     13   Next: 76%
Magic:  16/25      EV: 25    Int: 18    God:    Fedhas [*****.]
Gold:   201        SH:  0    Dex: 19    Spells: 8/28 levels left

rFire    + + +     SeeInvis .     - Unarmed
rCold    + . .     Gourm    .   (shield currently unavailable)
rNeg     + . .     Faith    .   k - +2 hat {MR+}
rPois    .         Spirit   .   Q - amulet "Vemu" {Reflect rElec rF+ SH+4}
rElec    +         Reflect  +   t - +4 ring of evasion
rCorr    +         Harm     .   A - ring of flight
MR       ++...                  S - ring of wizardry
Stlth    ++++......             T - ring "Hipomo Cosch" {rCorr rF+ Dex+4}
HPRegen  0.25/turn              U - ring "Gaepp" {rF+ MR+ Str-4 Int+2 Stlth+}
MPRegen  0.19/turn              X - ring of resist corrosion
                                E - ring of Bollinta {rC+ rN+}
                                (no ring)

@: blade tentacles, sleeping
A: almost no armour, stealthy swim, amphibious, 8 rings, constrict 8, camouflage
1, gelatinous body 1
a: End Transformation, Fungal Bloom, Evolution, Sunlight, Growth, Reproduction,
Rain, Renounce Religion, Evoke Flight


You were on level 5 of the Lair of Beasts.
You worshipped Fedhas.
Fedhas was extremely pleased with you.
You were not hungry.
You had blades for tentacles.
You visited 3 branches of the dungeon, and saw 17 of its levels.
You also visited: Ice Cave.

You collected 837 gold pieces.
You spent 636 gold pieces at shops.

Inventory:

Hand Weapons
 K - a -1 glaive
Missiles
 a - 101 arrows
Armour
 k - a +2 hat of magic resistance (worn)
Magical Staves
 G - an uncursed staff of earth
Jewellery
 t - a +4 ring of evasion (left scythe-like blade)
 y - an uncursed amulet of faith
 A - a ring of flight (right scythe-like blade)
 E - the ring of Bollinta (on tentacle) {rC+ rN+}
   (You acquired it on level 4 of the Lair of Beasts)

   [ring of protection from cold]

   It protects you from cold.
   It protects you from negative energy.
 N - an uncursed amulet of magic regeneration
 Q - the amulet "Vemu" (around mantle) {Reflect rElec rF+ SH+4}
   (You found it on level 11 of the Dungeon)

   [amulet of reflection]

   It shields you and reflects attacks.
   It protects you from fire.
   It insulates you from electricity.
   It affects your SH (+4).
 S - a ring of wizardry (on tentacle)
 T - the ring "Hipomo Cosch" (on tentacle) {rCorr rF+ Dex+4}
   (You bought it in a shop on level 9 of the Dungeon)

   [ring of resist corrosion]

   It affects your dexterity (+4).
   It protects you from fire.
 U - the ring "Gaepp" (on tentacle) {rF+ MR+ Str-4 Int+2 Stlth+}
   (You found it in an ice cave)

   [ring of intelligence]

   It affects your strength (-4).
   It affects your intelligence (+2).
   It protects you from fire.
   It affects your resistance to hostile enchantments.
   It makes you more stealthy.
 X - a ring of resist corrosion (on tentacle)
Wands
 u - a wand of paralysis (7)
 x - a wand of polymorph (33)
 J - a wand of random effects (17)
 R - a wand of disintegration (15)
 Y - a wand of iceblast (9)
Scrolls
 g - 8 scrolls of remove curse
 h - a scroll of enchant armour
 j - 3 scrolls of immolation
 l - 3 scrolls of teleportation
 C - 3 scrolls of magic mapping
 D - 3 scrolls of fog
 M - 3 scrolls of enchant weapon
Potions
 d - a potion of berserk rage
 e - a potion of invisibility
 f - 2 potions of heal wounds
 i - 5 potions of haste
 n - 5 potions of agility
 p - 8 potions of degeneration
 r - 2 potions of mutation
 s - 5 potions of curing
 v - a potion of flight
 w - a potion of might
 z - 2 potions of cancellation
 B - 2 potions of brilliance
 H - a potion of ambrosia {unknown}
 L - 2 potions of lignification
 Z - a potion of magic {unknown}
Books
 b - a book of Changes

   Spells                             Type                      Level
   a - Beastly Appendage              Transmutation                1
   b - Sticks to Snakes               Transmutation                2
   c - Spider Form                    Transmutation/Poison         3
   d - Ice Form                       Ice/Transmutation            4
   e - Blade Hands                    Transmutation                5
 m - a book of Misfortune

   Spells                             Type                      Level
   a - Confusing Touch                Hexes                        1
   b - Confuse                        Hexes                        3
   c - Gell's Gravitas                Translocation                3
   d - Petrify                        Transmutation/Earth          4
   e - Metabolic Englaciation         Hexes/Ice                    5
   f - Yara's Violent Unravelling     Hexes/Transmutation          5
 q - a book of Geomancy

   Spells                             Type                      Level
   a - Sandblast                      Earth                        1
   b - Passwall                       Transmutation/Earth          2
   c - Stone Arrow                    Conjuration/Earth            3
   d - Petrify                        Transmutation/Earth          4
   e - Lee's Rapid Deconstruction     Earth                        5
 F - a Young Poisoner's Handbook

   Spells                             Type                      Level
   a - Sting                          Conjuration/Poison           1
   b - Poisonous Vapours              Poison/Air                   2
   c - Mephitic Cloud                 Conjuration/Poison/Air       3
   d - Olgreb's Toxic Radiance        Poison                       4
   e - Venom Bolt                     Conjuration/Poison           5
 W - Sif Muna's Tome of Conjuration and Transmigration
   (You found it on level 1 of the Lair of Beasts)

   Spells                             Type                      Level
   a - Sting                          Conjuration/Poison           1
   b - Force Lance                    Conjuration/Translocation    4
   c - Ice Form                       Ice/Transmutation            4
   d - Iskenderun's Battlesphere      Conjuration/Charms           5
   e - Conjure Ball Lightning         Conjuration/Air              6
Comestibles
 c - 16 rations


   Skills:
 + Level 9.2 Fighting
 + Level 9.3 Dodging
 + Level 9.8 Unarmed Combat
 + Level 8.0 Spellcasting
 * Level 12.8 Transmutations
 - Level 3.0 Ice Magic
 - Level 5.2 Poison Magic
 + Level 1.6 Invocations
 - Level 5.5 Evocations


You had 8 spell levels left.
You knew the following spells:

 Your Spells              Type           Power        Failure   Level  Hunger
a - Petrify               Tmut/Erth      ####....     16%         4    ###....
b - Sticks to Snakes      Tmut           ######..     2%          2    None
c - Spider Form           Tmut/Pois      #####.....   5%          3    #......
d - Blade Hands           Tmut           ######....   7%          5    #####..
e - Ice Form              Ice/Tmut       #####...     12%         4    ###....
f - Poisonous Vapours     Pois/Air       ###...       13%         2    None


Dungeon Overview and Level Annotations

Branches:
Dungeon (11/15)            Temple (1/1) D:5            Lair (5/6) D:10
 Shoals (0/4) Lair:2       Spider (0/4) Lair:3          Orc (0/2) D:10
  Slime: Lair:5-6

Altars:
Ashenzari
Cheibriados
Dithmenos
Elyvilon
Fedhas
Gozag
Hepliaklqana
Kikubaaqudgha
Makhleb
Nemelex Xobeh
Okawaru
Qazlal
Ru
Sif Muna
Trog
Uskayaw
Vehumet
Wu Jian
Xom
Yredelemnul
Zin
The Shining One

Shops:
D:5 (   D:9 =([

Annotations:
D:3 Wapistan's ghost, amateur MiAK
D:8 Gonk's ghost, novice OpTm


Innate Abilities, Weirdness & Mutations

You cannot wear most types of armour.
You are very stealthy in the water. (Stealth+)
You are amphibious.
You can wear up to eight rings at the same time.
You can use your tentacles to constrict eight enemies at once.
Your skin changes colour to match your surroundings (Stealth+).
Your rubbery body absorbs attacks. (AC +1, EV +1)


Message History

The dream sheep is lightly wounded.
You constrict the dream sheep, but do no damage.
The dream sheep shake their wool and sparkle.
You feel drowsy...
You fall asleep.
You lose your grip on the dream sheep.
The porcupine bites you but does no damage.
The porcupine closely misses you. The porcupine misses you. x2
The dream sheep barely misses you. The porcupine bites you!!
You wake up.
* * * LOW HITPOINT WARNING * * *
The dream sheep bites you.
* * * LOW HITPOINT WARNING * * *
The dream sheep misses you. You block the porcupine's attack.
The dream sheep shake their wool and sparkle.
You feel drowsy...
You fall asleep.
The porcupine bites you!
You die...
Fedhas appreciates your contribution to the ecosystem.

# .#...P..P.#...P..
#..................
.##.. #).##..........
..#..##....#......#.# .
.............†..P.# ..
#...[....÷.........
...##.#....##Y#..P.....
...........r........##.
..........@#..#....##
#.P.##<.##.#.#P..P#
##................#
#......>..........#
..............#P......
...........#.####....
♣♣≈.≈..♣..#.## #.P
..≈≈..≈≈♣...# ....≈≈≈≈
...P


You could see a dream sheep and a porcupine.

Vanquished Creatures
  Gastronok (Lair:2)
  A two-headed ogre (D:9)
  3 death yaks
  An unseen horror (D:9)
  A faun (Lair:4)
  A manticore (D:11)
  A black mamba (Lair:3)
  3 spiny frogs (Lair:1)
  An ice statue (IceCv)
  5 komodo dragons
  A rime drake (Lair:4)
  A queen bee (Lair:3)
  6 polar bears (IceCv)
  Prince Ribbit (D:8)
  2 hornets
  9 hippogriffs
  13 blink frogs
  6 dream sheep
  Sigmund (D:3)
  47 yaks
  A spriggan (D:7)
  A wyvern (D:10)
  Grum (D:8)
  A hungry ghost (D:9)
  A basilisk (Lair:4)
  A steam dragon (D:11)
  Edmund (D:4)
  A soldier ant (D:11)
  6 water moccasins
  6 porcupines
  Duvessa (D:4)
  3 ice beasts
  2 sky beasts
  An orc warrior (D:3)
  A phantom (D:7)
  4 ogres
  38 wolves
  4 centaurs
  10 crocodiles
  9 bullfrogs
  A gnoll sergeant (D:10)
  Dowan (D:4)
  3 scorpions
  17 killer bees
  3 electric eels
  4 howler monkeys
  4 crimson imps
  6 hounds
  3 centaur zombies
  A bullfrog zombie (D:5)
  A quasit (D:9)
  3 jellies
  3 orc priests
  A bullfrog skeleton (D:5)
  5 orc wizards
  A centaur skeleton (D:9)
  6 worker ants
  3 hound skeletons
  Robin (D:3)
  A howler monkey zombie (D:9)
  4 worker ant zombies
  13 gnolls
  10 adders
  A shadow imp (D:5)
  12 white imps (Lair:1)
  An ooze (D:4)
  An adder skeleton (D:4)
  An adder zombie (D:9)
  9 worms
  3 dart slugs
  8 leopard geckos
  17 orcs
  8 giant cockroaches
  19 goblins
  16 hobgoblins
  7 jackals
  9 kobolds
  6 quokkas
  9 bats
  3 frilled lizards
  A giant cockroach zombie (D:5)
  A jackal skeleton (D:6)
  A leopard gecko zombie (D:6)
  11 rats
437 creatures vanquished.

Vanquished Creatures (collateral kills)
  A hydra (Lair:4)
  3 yaks
  An orc warrior (D:8)
  12 killer bees
  An orc priest (D:8)
  An orc (D:8)
  A goblin (D:3)
20 creatures vanquished.

Vanquished Creatures (others)
  A rime drake (IceCv)
  2 wolves (IceCv)
  A bush (Lair:3)
  6 fungi
  A plant (Lair:3)
  237 toadstools
248 creatures vanquished.

Grand Total: 705 creatures vanquished

Notes
Turn   | Place    | Note
-------+----------+-------------------------------------------
     0 | D:1      | prawnwizard the Octopode Transmuter began the quest for the Orb.
     0 | D:1      | Reached XP level 1. HP: 13/13 MP: 3/3
    83 | D:1      | Reached XP level 2. HP: 15/18 MP: 5/5
   460 | D:1      | Learned a level 2 spell: Sticks to Snakes
   877 | D:1      | Reached XP level 3. HP: 20/23 MP: 6/6
  1322 | D:1      | Learned a level 3 spell: Spider Form
  1942 | D:2      | Reached XP level 4. HP: 26/28 MP: 7/7
  2746 | D:3      | Noticed Robin
  2952 | D:3      | Noticed a bullfrog
  2977 | D:3      | Noticed Sigmund
  3033 | D:3      | Reached skill level 3 in Transmutations
  3040 | D:3      | Killed a bullfrog
  3040 | D:3      | Reached XP level 5. HP: 12/34 MP: 6/9
  3659 | D:3      | Killed Robin
  4118 | D:3      | Killed Sigmund
  4118 | D:3      | Reached skill level 4 in Transmutations
  4118 | D:3      | Reached XP level 6. HP: 5/41 MP: 6/10
  4646 | D:3      | Noticed an orc warrior
  4681 | D:3      | Killed an orc warrior
  4681 | D:3      | Reached XP level 7. HP: 16/45 MP: 11/11
  5108 | D:3      | Noticed Wapistan's ghost (amateur MiAK)
  5443 | D:4      | Noticed Edmund
  5486 | D:4      | Killed Edmund
  5653 | D:4      | Reached skill level 5 in Transmutations
  6117 | D:4      | Noticed Dowan
  6118 | D:4      | Noticed Duvessa
  6131 | D:4      | Killed Duvessa
  6131 | D:4      | Reached XP level 8. HP: 40/52 MP: 8/13
  6133 | D:4      | Killed Dowan
  6628 | D:5      | Entered Level 5 of the Dungeon
  6647 | D:5      | Reached skill level 5 in Unarmed Combat
  6830 | D:5      | Reached skill level 6 in Transmutations
  7210 | D:5      | Found a staircase to the Ecumenical Temple.
  7215 | D:5      | HP: 2/54 [centaur (1)]
  7220 | D:5      | HP: 2/54 [centaur (1)]
  7518 | D:5      | Found Jeor's Weapon Boutique.
  7529 | Temple   | Entered the Ecumenical Temple
  7802 | Temple   | Became a worshipper of Fedhas Madash
  7942 | D:5      | Reached skill level 1 in Poison Magic
  7953 | D:5      | Found a burning altar of Makhleb.
  8350 | D:5      | Reached XP level 9. HP: 30/59 MP: 15/15
  8761 | D:5      | Found a burning altar of Makhleb.
  8971 | D:5      | Learned a level 5 spell: Blade Hands
  8976 | D:5      | Learned a level 4 spell: Ice Form
  9226 | D:6      | Found a shattered altar of Ashenzari.
  9256 | D:6      | Reached skill level 7 in Transmutations
  9452 | D:6      | Reached * piety under Fedhas
  9570 | D:6      | Reached skill level 5 in Dodging
 10409 | D:7      | Learned a level 2 spell: Poisonous Vapours
 10470 | D:7      | Found a sacrificial altar of Ru.
 10837 | D:8      | Reached skill level 5 in Spellcasting
 11024 | D:8      | Reached skill level 5 in Fighting
 11025 | D:8      | Noticed Grum
 11038 | D:8      | Killed Grum
 11038 | D:8      | Reached skill level 1 in Ice Magic
 11059 | D:8      | Noticed Prince Ribbit
 11122 | D:8      | HP: 1/61 [Prince Ribbit (16)]
 11393 | D:8      | Noticed Gonk's ghost (novice OpTm)
 11400 | D:8      | Reached skill level 8 in Transmutations
 11705 | D:8      | Killed Prince Ribbit
 11705 | D:8      | Reached XP level 10. HP: 66/66 MP: 9/17
 12079 | D:10     | Entered Level 10 of the Dungeon
 12354 | D:10     | Found a staircase to the Orcish Mines.
 12583 | D:10     | Reached skill level 9 in Transmutations
 12820 | D:10     | Found a basalt altar of Yredelemnul.
 12853 | D:10     | Reached ** piety under Fedhas
 13068 | D:10     | Noticed a death yak
 13077 | D:10     | Noticed a death yak
 13078 | D:10     | Noticed a death yak
 13082 | D:10     | Noticed a death yak
 13639 | D:9      | Killed an unseen horror
 13639 | D:9      | Reached skill level 5 in Poison Magic
 13876 | D:9      | Found Uschao's Armour Boutique.
 13895 | D:9      | Reached XP level 11. HP: 74/74 MP: 18/18
 13942 | D:9      | HP: 3/88 [yak (14)]
 14356 | D:9      | Found a white marble altar of Elyvilon.
 14449 | D:9      | Found Jodiox's Jewellery Boutique.
 14496 | D:9      | Found Yjuekoni's Antique Weapon Shop.
 14883 | D:10     | Reached *** piety under Fedhas
 14901 | D:10     | Found a staircase to the Lair.
 15041 | D:10     | Reached skill level 10 in Transmutations
 15310 | D:10     | Noticed a death yak
 15333 | D:10     | Killed a death yak
 15341 | D:10     | Killed a death yak
 16141 | D:11     | Noticed a manticore
 16154 | D:11     | Killed a manticore
 16367 | D:11     | Got a warped ruby amulet
 16456 | D:11     | Noticed a death knight
 16456 | D:11     | Noticed a death knight
 16596 | D:9      | Identified the amulet "Vemu" {Reflect rElec rF+ SH+4} (You found it on level 11 of the Dungeon)
 16619 | D:9      | Bought the ring "Hipomo Cosch" {rCorr rF+ Dex+4} for 636 gold pieces
 16689 | D:9      | Noticed a two-headed ogre
 16711 | D:9      | Killed a two-headed ogre
 16772 | Lair:1   | Entered Level 1 of the Lair of Beasts
 16786 | Lair:1   | Reached skill level 1 in Evocations
 16786 | Lair:1   | Reached XP level 12. HP: 77/81 MP: 13/21
 16788 | Lair:1   | Found a frozen archway.
 17036 | IceCv    | Entered an ice cave
 17106 | IceCv    | Reached skill level 11 in Transmutations
 17195 | IceCv    | Got a bound granite ring
 17208 | IceCv    | Identified the ring "Gaepp" {rF+ MR+ Str-4 Int+2 Stlth+} (You found it in an ice cave)
 17359 | IceCv    | Noticed a death yak
 17368 | IceCv    | Killed a death yak
 18335 | IceCv    | Noticed a white draconian
 18994 | Lair:1   | Identified Sif Muna's Tome of Conjuration and Transmigration
 19490 | Lair:1   | Noticed a six-headed hydra
 19818 | Lair:2   | Noticed Gastronok
 19837 | Lair:2   | Killed Gastronok
 19837 | Lair:2   | Reached XP level 13. HP: 81/89 MP: 4/24
 20069 | Lair:2   | Reached skill level 12 in Transmutations
 20076 | Lair:2   | Learned a level 4 spell: Petrify
 20144 | Lair:2   | Found a staircase to the Shoals.
 21326 | Lair:3   | Found a hole to the Spider Nest.
 21530 | Lair:3   | Reached **** piety under Fedhas
 22324 | Lair:4   | Reached skill level 5 in Evocations
 23066 | Lair:3   | Reached ***** piety under Fedhas
 23684 | Lair:4   | Reached skill level 1 in Invocations
 24523 | Lair:4   | Identified a scroll of acquirement
 24524 | Lair:4   | Got a steaming platinum ring
 24525 | Lair:4   | Identified the ring of Bollinta {rC+ rN+} (You acquired it on level 4 of the Lair of Beasts)
 24620 | Lair:5   | Slain by a porcupine

Skill      XL: |  1  2  3  4  5  6  7  8  9 10 11 12 13 |
---------------+----------------------------------------+-----
Transmutations | 3 4 5 6 8 9 10 11 12 | 12.8
Fighting       | 2 3 4 5 6 7 8 9 |  9.2
Dodging        | 3 4 5 6 7 8 9 |  9.3
Unarmed Combat | 4 5 6 7 8 9 |  9.8
Spellcasting   | 3 4 5 6 7 8 |  8.0
Poison Magic   | 1 3 5 |  5.2
Ice Magic      | 1 3 |  3.0
Evocations     | 1 4 5 |  5.5
Invocations    | 1 |  1.6

Action                   |  1- 3 |  4- 6 |  7- 9 | 10-12 | 13-15 || total
-------------------------+-------+-------+-------+-------+-------++-------
Melee: Unarmed           |    91 |   116 |   371 |   598 |   272 ||  1448
       Constrict         |    30 |    22 |    57 |    26 |    41 ||   176
       Kick              |     8 |    21 |    39 |    23 |       ||    91
       Tentacles         |    11 |    15 |    48 |    73 |    46 ||   193
       Punch             |     3 |     3 |     8 |    19 |    13 ||    46
       Dagger            |       |       |    26 |       |       ||    26
 Cast: Beastly Appendage |    11 |    10 |    27 |    13 |       ||    61
       Spider Form       |     1 |     2 |    10 |    13 |     2 ||    28
       Sticks to Snakes  |       |     5 |     9 |    14 |    10 ||    38
       Poisonous Vapours |       |       |    16 |    95 |    70 ||   181
       Ice Form          |       |       |       |     9 |     1 ||    10
       Blade Hands       |       |       |       |    27 |    19 ||    46
Invok: Fungal Bloom      |       |       |    13 |    33 |    26 ||    72
       Evolution         |       |       |       |       |     1 ||     1
Evoke: Wand              |       |       |     1 |     1 |       ||     2
  Use: Scroll            |       |       |    14 |    11 |    11 ||    36
       Potion            |       |       |       |     4 |       ||     4
 Stab: Sleeping          |     7 |     1 |     5 |     4 |     2 ||    19
       Distracted        |       |       |     1 |     4 |       ||     5
  Eat: Chunk             |     4 |     8 |    12 |    16 |    12 ||    52
       Ration            |       |       |     4 |     6 |     3 ||    13
Armor: Skin              |     4 |    11 |    18 |    36 |    13 ||    82
Dodge: Dodged            |    48 |    73 |   299 |   532 |   310 ||  1262
Block: Other             |       |       |       |    52 |    60 ||   112
